 Dungeon Crawl Stone Soup version 0.25-a0-528-g6b7c99946c (webtiles) character file.

Game seed: 14383604424707520881, levelgen mode: deterministic

16016 Flugslaktarn the Cleaver (level 12, -11/110 HPs)
             Began as a Deep Dwarf Fighter on Feb 19, 2020.
             Was the Champion of Makhleb.
             Mangled by an orc warrior
             ... wielding a +0 glaive
             ... led by an orc warlord
              (20 damage)
             ... on level 2 of the Orcish Mines.
             The game lasted 00:06:45 (6861 turns).

Flugslaktarn the Cleaver (Deep Dwarf Fighter)       Turns: 6861, Time: 00:06:45

Health: -11/110    AC: 18    Str: 25    XL:     12   Next: 6%
Magic:  10/10      EV:  7    Int:  9    God:    Makhleb [******]
Gold:   1100       SH: 11    Dex: 12    Spells: 11/11 levels left

rFire    . . .     SeeInvis .   H - +6 hand axe
rCold    . . .     Gourm    .   c - +0 kite shield
rNeg     . . .     Faith    +   p - +0 chain mail
rPois    +         Spirit   .   j - +0 helmet
rElec    .         Reflect  .   E - +0 cloak
rCorr    .         Harm     .   B - +0 pair of gloves
MR       +....                  A - +2 pair of boots
Stlth    ..........             v - amulet of faith
HPRegen  0.00/turn              o - ring of poison resistance
MPRegen  0.12/turn              (no ring)

@: non-regenerating, heavily drained
A: damage resistance, heal wounds, sense surroundings 2, no regeneration
a: Heal Wounds, Minor Destruction, Lesser Servant of Makhleb, Major Destruction,
Greater Servant of Makhleb, Renounce Religion


You were on level 2 of the Orcish Mines.
You worshipped Makhleb.
Makhleb was exalted by your worship.
You were hungry.

You visited 3 branches of the dungeon, and saw 15 of its levels.

You collected 1294 gold pieces.
You spent 194 gold pieces at shops.

Inventory:

Hand Weapons
 a - a +0 war axe
 H - a +6 hand axe (weapon)
   (You took it off an orc on level 9 of the Dungeon)
Missiles
 i - 2 throwing nets (quivered)
Armour
 c - a +0 kite shield (worn)
 j - a +0 helmet (worn)
   (You found it on level 4 of the Dungeon)
 p - a +0 chain mail (worn)
   (You found it on level 5 of the Dungeon)
 A - a +2 pair of boots (worn)
   (You found it on level 8 of the Dungeon)
 B - a +0 pair of gloves (worn)
   (You found it on level 8 of the Dungeon)
 E - a +0 cloak (worn)
   (You found it on level 8 of the Dungeon)
Jewellery
 o - a ring of poison resistance (left hand)
   (You found it on level 10 of the Dungeon)
 v - an amulet of faith (around neck)
   (You found it on level 8 of the Dungeon)
Wands
 s - a wand of enslavement (4)
   (You found it on level 11 of the Dungeon)
Scrolls
 h - 4 scrolls of enchant weapon
 u - a scroll of immolation
 w - 3 scrolls of remove curse
 y - a scroll of magic mapping
 z - a scroll of blinking
 D - a scroll of fog
 I - a scroll of enchant armour
Potions
 b - 2 potions of stabbing
 d - a potion of might
 f - 4 potions of brilliance
 k - 6 potions of flight
 l - a potion of mutation {unknown}
 m - a potion of magic {unknown}
 n - a potion of resistance
 q - 2 potions of curing
 x - a potion of lignification {unknown}
 C - a potion of heal wounds {unknown}
 F - a potion of berserk rage {unknown}
Comestibles
 e - 22 rations
 g - 13 chunks of flesh


   Skills:
 + Level 8.0(6.1) Fighting
 * Level 12.5(10.4) Axes
 + Level 9.6(7.7) Armour
 + Level 9.6(7.7) Shields
 + Level 10.1(8.2) Invocations


You had 11 spell levels left.
You didn't know any spells.
Your spell library was empty.

Dungeon Overview and Level Annotations

Branches:
Dungeon (12/15)            Temple (1/1) D:4            Lair (0/6) D:11
    Orc (2/2) D:9             Elf (0/3) Orc:2

Altars:
Ashenzari
Cheibriados
Dithmenos
Elyvilon
Gozag
Makhleb
Nemelex Xobeh
Qazlal
Trog
Uskayaw
Vehumet
Wu Jian
Xom
The Shining One
Beogh

Shops:
D:8 ?   D:11 [?:=

Annotations:
D:4 1 runed translucent door, Error4North's ghost, amateur HOFi
D:8 3 runed translucent doors, FrozenTrovador's ghost, novice HOBe
D:9 3 runed translucent doors, Lugonue's ghost, novice HOGl


Innate Abilities, Weirdness & Mutations

You are resistant to damage.
You can heal yourself by infusing magical energy.
You passively map the area around you.
You do not regenerate.


Message History

You closely miss the orc warlord.
The orc warlord is almost dead.
You closely miss the orc warrior. You barely miss the orc warrior.
You completely miss the orc warrior.
The orc warrior hits you with a +0 mace!
The orc warlord hits you with a +2 great mace of draining!
* * * LOW HITPOINT WARNING * * *
You feel drained.
* * * LOW HITPOINT WARNING * * *
The orc warrior hits you with a +0 hand axe!
* * * LOW HITPOINT WARNING * * *
You are too injured to fight recklessly!
You are too injured to fight recklessly!
You are too injured to fight recklessly!
You are too injured to fight recklessly!
You slash the orc warlord!
The orc warlord is almost dead.
You slash the orc warrior! You hit the orc warrior. You slash the orc warrior!
The orc warrior hits you with a +0 glaive!!
You die...

#....................## #.)...
##............%.%)[....###.....
#..............#....).##.......
##.....#..#...###.....#.....#..
#......###.....#......##.####..
##.##...#............###.##.##.
###............(o....#........
##........ooooo....##.......
##........@#.##..####......
#.#........o#.#### ##......
#.....#..........# #......#
##...###.#........###..##...
#...# #.##.##.#.###...###.#
##.# ...##. #####....##... ##
#... ..##.#.......#.. ##..
.##............. * *
##.##.#.##.#.#


You could see an orc warlord, 4 orc warriors and 2 orc priests.

Vanquished Creatures
  An orc warlord (Orc:2)
  An unseen horror (D:10)
  Pikel (D:9)
  An orc knight (Orc:2)
  An ugly thing (D:12)
  2 manticores
  A gargoyle (D:9)
  A tengu conjurer (D:12)
  4 trolls
  A wyvern (D:9)
  4 hogs (D:7)
  A human (D:7)
  6 yaks (D:9)
  Eustachio (D:6)
  A hungry ghost (D:10)
  4 wargs
  A soldier ant (D:12)
  24 orc warriors
  A slave (D:9)
  3 phantoms
  4 black bears
  2 ice beasts
  3 sky beasts
  4 necrophages
  A hornet zombie (D:5)
  9 ogres
  A crocodile (D:9)
  3 big kobolds
  7 bullfrogs
  A water moccasin zombie (D:6)
  7 scorpions
  A water moccasin skeleton (D:6)
  4 howler monkeys
  4 wights
  4 centaur zombies
  2 crimson imps
  3 quasits
  2 bullfrog zombies (D:8)
  4 hounds
  3 jellies
  15 orc priests
  3 centaur skeletons
  11 orc wizards
  A bullfrog skeleton (D:12)
  9 worker ants
  4 iguanas
  A killer bee zombie (D:10)
  A hound zombie (D:8)
  2 mummies (D:8)
  3 hound skeletons
  A worker ant zombie (D:10)
  4 gnolls (D:10)
  6 adders
  2 adder zombies
  2 dart slugs
  3 leopard geckos
  79 orcs
  A ball python (D:5)
  3 giant cockroaches (D:6)
  A hobgoblin (D:1)
  7 jackals
  17 kobolds
  A quokka (D:5)
  A bat (D:1)
  3 frilled lizards
  A giant cockroach zombie (D:6)
  A leopard gecko zombie (D:5)
  A rat (D:1)
  2 fungi (D:11)
315 creatures vanquished.

Vanquished Creatures (collateral kills)
  An orc warrior (Orc:2)
  4 orcs (Orc:2)
5 creatures vanquished.

Vanquished Creatures (others)
  An orc sorcerer (Orc:1)
  A water moccasin (D:9)
2 creatures vanquished.

Grand Total: 322 creatures vanquished

Notes
Turn   | Place    | Note
-------+----------+-------------------------------------------
     0 | D:1      | Flugslaktarn the Deep Dwarf Fighter began the quest for the
                  | Orb.
     0 | D:1      | Reached XP level 1. HP: 20/20 MP: 1/1
   209 | D:2      | Reached XP level 2. HP: 20/27 MP: 2/2
   312 | D:4      | Reached skill level 3 in Axes
   312 | D:4      | Reached XP level 3. HP: 22/33 MP: 3/3
   342 | D:4      | Found a staircase to the Ecumenical Temple.
   353 | Temple   | Entered the Ecumenical Temple
   381 | Temple   | Became a worshipper of Makhleb the Destroyer
   427 | D:4      | Reached XP level 4. HP: 41/42 MP: 3/3
   431 | D:4      | Found a runed translucent door.
   433 | D:4      | Noticed Error4North's ghost (amateur HOFi)
   451 | D:4      | Reached skill level 1 in Invocations
   579 | D:4      | Reached skill level 4 in Axes
   579 | D:4      | Reached XP level 5. HP: 36/49 MP: 3/5
   901 | D:5      | Entered Level 5 of the Dungeon
   971 | D:5      | Found a stormy altar of Qazlal.
   994 | D:5      | Noticed a phantom
  1024 | D:5      | Killed a phantom
  1024 | D:5      | Reached XP level 6. HP: 31/56 MP: 6/6
  1290 | D:5      | Reached skill level 5 in Axes
  1331 | D:5      | Reached XP level 7. HP: 36/63 MP: 8/8
  1355 | D:5      | Reached * piety under Makhleb
  1623 | D:6      | Reached skill level 5 in Shields
  1712 | D:6      | Found a snail-covered altar of Cheibriados.
  1739 | D:6      | Noticed Eustachio
  1744 | D:6      | Reached skill level 5 in Armour
  1749 | D:6      | Reached skill level 6 in Axes
  1800 | D:6      | Killed Eustachio
  1800 | D:6      | Reached XP level 8. HP: 31/73 MP: 7/9
  1973 | D:6      | Reached ** piety under Makhleb
  2004 | D:6      | Found an ornate altar of the Wu Jian Council.
  2005 | D:6      | Found a white marble altar of Elyvilon.
  2257 | D:7      | Reached skill level 7 in Axes
  2402 | D:7      | Reached skill level 5 in Invocations
  2459 | D:7      | Reached skill level 5 in Fighting
  2472 | D:7      | Gained mutation: You passively map the area around you.
                  | [Deep Dwarf growth]
  2472 | D:7      | Reached XP level 9. HP: 45/81 MP: 10/10
  2476 | D:7      | Reached skill level 8 in Axes
  2713 | D:8      | Found Nanienumo's Magic Scroll Shop.
  2734 | D:8      | Found a hide-covered altar of Uskayaw.
  2979 | D:8      | Reached *** piety under Makhleb
  3003 | D:8      | Reached skill level 9 in Axes
  3135 | D:8      | Found a runed translucent gate.
  3135 | D:8      | Found a runed translucent gate.
  3135 | D:8      | Noticed a deep elf mage
  3135 | D:8      | Noticed FrozenTrovador's ghost (novice HOBe)
  3136 | D:8      | Found a runed translucent gate.
  3353 | D:9      | Reached XP level 10. HP: 87/87 MP: 11/11
  3671 | D:9      | Found a staircase to the Orcish Mines.
  3764 | D:9      | Found a runed translucent gate.
  3764 | D:9      | Noticed a gargoyle
  3765 | D:9      | Found a runed translucent gate.
  3765 | D:9      | Found a runed translucent gate.
  3795 | D:9      | Killed a gargoyle
  3795 | D:9      | Reached skill level 10 in Axes
  3804 | D:9      | Noticed Pikel
  3820 | D:9      | Killed Pikel
  3820 | D:9      | Reached **** piety under Makhleb
  4351 | D:9      | Noticed Lugonue's ghost (novice HOGl)
  4371 | D:10     | Entered Level 10 of the Dungeon
  4437 | D:10     | Killed an unseen horror
  5087 | D:11     | Found Cuimn's Armour Shoppe.
  5103 | D:11     | Reached skill level 11 in Axes
  5103 | D:11     | Reached XP level 11. HP: 99/99 MP: 12/12
  5195 | D:11     | Found a roughly hewn altar of Beogh.
  5197 | D:11     | Reached ***** piety under Makhleb
  5345 | D:11     | Found Quggoseo's Book Emporium.
  5463 | D:11     | Found a staircase to the Lair.
  5584 | D:11     | Found Rastoxe's Jewellery Shop.
  5631 | D:11     | Found Cewuf's Magic Scroll Emporium.
  5802 | D:11     | Bought a scroll of enchant weapon for 97 gold pieces
  5802 | D:11     | Bought a scroll of blinking for 97 gold pieces
  5849 | D:12     | Noticed a green ugly thing
  5869 | D:12     | Killed a green ugly thing
  6030 | Orc:1    | Entered Level 1 of the Orcish Mines
  6042 | Orc:1    | Noticed an orc sorcerer
  6060 | Orc:1    | Killed an orc sorcerer
  6235 | Orc:2    | Entered Level 2 of the Orcish Mines
  6342 | Orc:2    | Found a staircase to the Elven Halls.
  6401 | Orc:2    | Noticed an orc knight
  6421 | Orc:2    | Killed an orc knight
  6439 | Orc:2    | Reached skill level 12 in Axes
  6634 | Orc:2    | Reached ****** piety under Makhleb
  6671 | Orc:2    | Noticed an orc warlord
  6696 | Orc:2    | Noticed an orc warlord
  6743 | Orc:2    | HP: 3/103 [orc warrior/+0 battleaxe[an orc warlord] (20)]
  6815 | Orc:2    | Reached skill level 10 in Invocations
  6829 | Orc:2    | Killed an orc warlord
  6829 | Orc:2    | Reached XP level 12. HP: 49/110 MP: 11/11
  6861 | Orc:2    | Mangled by an orc warrior

Levels and vault maps discovered:
D:1:      scummos_arrival_forest, layout_basic, minmay_fountain_box
D:2:      layout_loops_cross, yredelemnul_altar_generic,
          chequers_ecumenical_altar_lobes, tgw_xom
D:3:      layout_loops_corners, lemuel_crystal_altar
D:4:      layout_cave_pools, minmay_temple_entry_wispy, gammafunk_ghost_grave,
          minivault_11
D:5:      layout_basic, nicolae_qazlal_general_emergency, first_ration
D:6:      layout_rooms, gammafunk_temple_overflow_statue, cheibriados_altar_1,
          uniq_eustachio
D:7:      layout_cave_pools, grunt_livestock
D:8:      layout_basic, eat_drink_and_be_merry_uskayaw, serial_shops,
          nicolae_shop_waterfront, gammafunk_ghost_split, serial_undead,
          serial_undead_e, serial_undead_b, serial_undead_f, serial_undead_c
D:9:      layout_gridville, orc_david_3, gammafunk_ghost_spectres, uniq_pikel
D:10:     layout_loops_ring
D:11:     layout_roguey [special_room_orc], grunt_lair_entry_orc_guard_hut,
          serial_shops, nicolae_shop_waterfront, shop_fountains, shop,
          shop_fountains
D:12:     minmay_the_grid_four_pointed_star [minmay_the_grid_triangle_9x9_alien,
          minmay_the_grid_triangle_9x9_swiss_cheese,
          minmay_the_grid_triangle_9x9_thin_v,
          minmay_the_grid_triangle_9x9_sprig,
          minmay_the_grid_prize_four_corners], layout_long_grid
Temple:   eino_wide_crystal_templ
Orc:1:    layout_caves
Orc:2:    grunt_orc_tribal_feast, layout_caves

Skill      XL: |  1  2  3  4  5  6  7  8  9 10 11 |
---------------+----------------------------------+-----
Axes           | 3 4 5 6 7 9 11 12 | 12.5
Fighting       | 3 4 5 6 8 |  8.0
Shields        | 4 5 6 7 8 9 |  9.6
Invocations    | 1 2 3 4 5 7 8 10 | 10.1
Armour         | 4 5 6 7 8 9 |  9.6

Action                   |  1- 3 |  4- 6 |  7- 9 | 10-12 || total
-------------------------+-------+-------+-------+-------++-------
Melee: War axe           |    50 |   100 |   400 |    30 ||   580
       Hand axe          |       |       |    17 |   746 ||   763
Invok: Lesser Servant of |       |       |       |     5 ||     5
 Abil: Heal Wounds       |     3 |     2 |     8 |    25 ||    38
Evoke: Wand              |       |       |       |     7 ||     7
  Use: Scroll            |       |     1 |       |    19 ||    20
       Potion            |       |       |       |     3 ||     3
  Eat: Chunk             |       |     2 |     7 |    14 ||    23
Armor: Scale mail        |    16 |     8 |       |       ||    24
       Chain mail        |       |    38 |   318 |   336 ||   692
Dodge: Dodged            |    12 |    17 |   130 |   178 ||   337
Block: Kite shield       |    28 |    52 |   301 |   429 ||   810

Table legend:
 A = Non-vault XP
 B = Vault XP
 C = Vault XP percentage of total XP
 D = Non-vault monster count
 E = Vault monster count
 F = Vault count percentage of total count
                 A         B        C        D         E       F
            +---------+---------+-------+---------+---------+-------
      Total |   18368 |    4513 |  19.7 |     263 |      55 |  17.3
            +---------+---------+-------+---------+---------+-------
        D:1 |       9 |       0 |   0.0 |       5 |       0 |   0.0
        D:2 |      14 |       0 |   0.0 |       1 |       0 |   0.0
        D:3 |      15 |       0 |   0.0 |       6 |       0 |   0.0
        D:4 |     184 |       0 |   0.0 |      13 |       0 |   0.0
        D:5 |     644 |       0 |   0.0 |      18 |       0 |   0.0
        D:6 |     760 |     191 |  20.1 |      28 |       1 |   3.4
        D:7 |     577 |     974 |  62.8 |      16 |       5 |  23.8
        D:8 |    1034 |     499 |  32.6 |      20 |       7 |  25.9
        D:9 |    2833 |     656 |  18.8 |      25 |       6 |  19.4
       D:10 |    2128 |       0 |   0.0 |      26 |       0 |   0.0
       D:11 |    2119 |    1373 |  39.3 |      17 |      30 |  63.8
       D:12 |    1109 |     543 |  32.9 |       5 |       4 |  44.4
      Orc:1 |    1151 |       0 |   0.0 |      13 |       0 |   0.0
      Orc:2 |    5791 |     277 |   4.6 |      70 |       2 |   2.8
            +---------+---------+-------+---------+---------+-------
